 Dungeon Crawl Stone Soup version 0.30-a0-738-g116ff8c4af (webtiles) character file.

Game seed: 12192471503895384091

1337 omnomnOMINOUS the Grasshopper (level 8, -2/54 HPs)
             Began as an Octopode Wanderer on Feb 3, 2023.
             Slain by an ice beast (5 damage)
             ... on level 6 of the Dungeon.
             The game lasted 00:13:03 (5906 turns).

omnomnOMINOUS the Grasshopper (Octopode Wanderer)   Turns: 5906, Time: 00:13:04

Health: -2/54      AC:  1    Str:  7    XL:     8   Next: 61%
Magic:  12/12      EV: 20    Int: 16    God:
Gold:   554        SH:  0    Dex: 16    Spells: 10/15 levels left

rFire   + + .      SeeInvis .    a - +5 short sword
rCold   + . .      Faith    .    (no shield)
rNeg    . . .      Spirit   .    (helmet restricted)
rPois   +          Reflect  .    (no amulet)
rElec   +          Harm     .    i - +5 ring of evasion
rCorr   +          Rampage  .    g - ring of protection from fire
Will    .....                    l - +4 ring of slaying
Stlth   +++                      u - ring of poison resistance
HPRegen 0.29/turn                (no ring)
MPRegen 0.13/turn                (no ring)
                                 (no ring)
                                 (no ring)

@: resistant
A: almost no armour, amphibious, 8 rings, camouflage 1, gelatinous body 1,
(nimble swimmer 1), tentacles, low MP 1, electricity resistance, evolution 1
a: no special abilities


You were on level 6 of the Dungeon.
You visited 1 branch of the dungeon, and saw 6 of its levels.

You collected 554 gold pieces.

Inventory:

Hand Weapons
 a - a +5 short sword (weapon)
 b - a +0 spear
 e - a +4 dire flail of protection
 t - a +2 hand axe of flaming
Missiles
 h - 2 throwing nets
 r - 5 atropa-tipped darts
Magical Staves
 p - a staff of fire
Jewellery
 g - a ring of protection from fire (right tentacle)
 i - a +5 ring of evasion (left tentacle)
 l - a +4 ring of slaying (on tentacle)
 u - a ring of poison resistance (on tentacle)
Wands
 d - a wand of polymorph (3)
 s - a wand of flame (27)
Scrolls
 c - a scroll of blinking
 f - 4 scrolls of identify
 j - a scroll of enchant armour
 k - a scroll of teleportation
 m - a scroll of fog {unknown}
 n - a scroll of immolation {unknown}


   Skills:
 + Level 4.6 Fighting
 - Level 1.0 Polearms
 - Level 1.0 Throwing
 + Level 4.7 Dodging
 - Level 1.3 Stealth
 - Level 4.0 Spellcasting
 + Level 4.1 Conjurations
 + Level 5.3 Translocations
 - Level 2.1 Evocations


You had 10 spell levels left.
You knew the following spells:

 Your Spells              Type           Power      Damage    Failure   Level
a - Apportation           Tloc           40%        N/A       1%          1
b - Iskenderun's Mystic   Conj/Tloc      18%        2d6       24%         4

Your spell library contained the following spells:

 Spells                   Type           Power      Damage    Failure   Level
 Lesser Beckoning         Tloc           40%        N/A       3%          2
 Gell's Gravitas          Tloc           20%        N/A       6%          3
 Teleport Other           Tloc           20%        N/A       6%          3
 Portal Projectile        Hex/Tloc       22%        N/A       17%         3
 Vhi's Electric Charge    Tloc/Air       22%        N/A       17%         3
 Manifold Assault         Tloc           20%        N/A       19%         4
 Dazzling Flash           Conj/Hex       18%        N/A       22%         3
 Ignite Poison            Fire/Tmut/Pois 3%         N/A       45%         3
 Sticky Flame             Conj/Fire      9%         2d3       58%         4
 Starburst                Conj/Fire      4%         6d4       100%        6
 Ignition                 Fire           1%         3d3       100%        8


Dungeon Overview and Level Annotations

Branches:
Dungeon (6/15)
 Temple: D:4-7

Altars:
Okawaru
Trog
Zin


Innate Abilities, Weirdness & Mutations

You cannot wear most types of armour.
You are amphibious.
You can wear up to eight rings at the same time.
Your skin changes colour to match your surroundings (Stealth+).
Your rubbery body absorbs attacks. (AC +1, EV +1)
((You are camouflaged when in or above water. (Stealth+)))
You have tentacles for arms and can constrict up to eight enemies at once.
Your magical capacity is low. (-10% MP)
You are resistant to electric shocks. (rElec)
You have hidden genetic potential.


Message History

You feel sick.
You feel sick.
o - a coppery potion You feel sick.
You feel sick.
You feel sick.
You feel sick.
You are no longer poisoned.
A hound comes into view.
Found a scroll of identify.
The helpless hound fails to defend itself.
You hit the hound. You grab the hound.
The hound is moderately wounded.
You constrict the hound. The hound closely misses you. The hound misses you.
You puncture the hound! You squeeze the hound.
You kill the hound!
No target in view!
No target in view!
f - 4 scrolls of identify (gained 1)
Found a whip.
Found a stone staircase leading down.
An ice beast comes into view.
You hit the ice beast but do no damage. The ice beast hits you.
The ice beast freezes you!
You hit the ice beast.
You squeeze the ice beast, but do no damage.
The ice beast is lightly wounded.
The ice beast hits you. The ice beast freezes you!
You hit the ice beast but do no damage.
The ice beast is lightly wounded.
The ice beast hits you. The ice beast freezes you!
* * * LOW HITPOINT WARNING * * *
You hit the ice beast.
The ice beast is moderately wounded.
The ice beast barely misses you.
It was a potion of resistance.
You feel protected. The ice beast hits you.
* * * LOW HITPOINT WARNING * * *
The ice beast freezes you. You resist.
You die...

......# #..............#
).....####.........#...#
.....##.......#.##....##
..............#.##....#
..............#.......#
...[............##....#
....)............#....#
..........<......######
....##..........@...#
##........#.####Y##..#
...###~#..#.# #.# ..#
.### #.#....# #.# .# ##
#.#....# #.# ..
#.####..# #.# . #.# #..
... #.# ## #.. #.#


You could see an ice beast.

Vanquished Creatures
  2 ice beasts (D:5)
  A sky beast (D:6)
  An ogre (D:6)
  4 scorpions
  A necrophage (D:4)
  A howler monkey (D:5)
  2 hounds
  7 orc priests
  3 orc wizards
  3 iguanas
  5 adders
  4 gnolls (D:5)
  A white imp (D:5)
  2 worms (D:3)
  4 dart slugs
  20 orcs
  10 endoplasms
  6 giant cockroaches
  5 goblins
  7 hobgoblins
  7 jackals
  4 quokkas
  10 ball pythons
  3 bats
  7 frilled lizards
  2 rats
122 creatures vanquished.

Vanquished Creatures (others)
  5 plants (D:4)
5 creatures vanquished.

Grand Total: 127 creatures vanquished

Notes
Turn   | Place    | Note
-------+----------+-------------------------------------------
     0 | D:1      | omnomnOMINOUS the Octopode Wanderer began the quest for the
                  | Orb.
     0 | D:1      | omnomnOMINOUS set off with the following items: a +0 spear,
                  | a wand of polymorph (6), a scroll of blinking; and the
                  | following spell memorised: Apportation; and the following
                  | spells available to memorise: Teleport Other, Manifold
                  | Assault.
     0 | D:1      | Reached XP level 1. HP: 11/11 MP: 2/2
    76 | D:1      | Reached XP level 2. HP: 14/18 MP: 3/3
   226 | D:1      | Reached skill level 1 in Fighting
   364 | D:1      | Reached XP level 3. HP: 23/23 MP: 5/5
  1195 | D:2      | Got the Textbook on Dislocation
  1300 | D:2      | Identified the +0 leather armour of the Chupacabra {Dex+3}
  1912 | D:3      | Found an iron altar of Okawaru.
  2020 | D:3      | Reached XP level 4. HP: 29/29 MP: 7/7
  2028 | D:2      | Learned a level 4 spell: Iskenderun's Mystic Blast
  2081 | D:3      | Found a glowing silver altar of Zin.
  2888 | D:3      | Reached XP level 5. HP: 30/34 MP: 8/8
  2966 | D:3      | Reached skill level 1 in Conjurations
  3488 | D:4      | Reached XP level 6. HP: 32/41 MP: 9/9
  3608 | D:4      | Found a bloodstained altar of Trog.
  4001 | D:4      | Gained mutation: Your magical capacity is low. (-10% MP)
                  | [potion of mutation]
  4001 | D:4      | Gained mutation: Your muscles are strong. (Str +4, Int/Dex
                  | -1) [potion of mutation]
  4001 | D:4      | Gained mutation: You are resistant to electric shocks.
                  | (rElec) [potion of mutation]
  4004 | D:4      | HP: 2/42 [orc wizard/magic dart (6)]
  4017 | D:4      | Reached skill level 4 in Translocations
  4017 | D:4      | Reached XP level 7. HP: 30/46 MP: 10/10
  4270 | D:5      | Entered Level 5 of the Dungeon
  4491 | D:5      | Noticed Edmund
  4495 | D:5      | Edmund changed into Edmund the goblin
  4495 | D:5      | Noticed Edmund
  4499 | D:5      | Killed Edmund the goblin
  4979 | D:5      | Reached XP level 8. HP: 45/54 MP: 12/12
  5316 | D:6      | Lost mutation: You are resistant to electric shocks.
                  | (rElec) [potion of mutation]
  5316 | D:6      | Lost mutation: Your muscles are strong. (Str +4, Int/Dex
                  | -1) [potion of mutation]
  5316 | D:6      | Gained mutation: You have hidden genetic potential. [potion
                  | of mutation]
  5316 | D:6      | Gained mutation: You are resistant to electric shocks.
                  | (rElec) [potion of mutation]
  5597 | D:6      | Reached skill level 5 in Translocations
  5906 | D:6      | Slain by an ice beast

Illustrated notes

Levels and vault maps discovered:
D:1:      dpeg_arrival_round_c, layout_basic
D:2:      mumra_celtic_spiral_tile, layout_loops_corners, st_stairs_1
D:3:      layout_basic, amcnicky_altar_gilded,
          mainiacjoe_overflow_concentric_impassable
D:4:      layout_gridville, trog_butcher_becter, minmay_misc_feat_enclosed,
          serial_bayou_pond_c, kennysheep_crisscross, kennysheep_orc_chapel
D:5:      layout_rooms, uniq_edmund
D:6:      layout_rooms

Skill      XL: |  1  2  3  4  5  6  7  8 |
---------------+-------------------------+-----
Fighting       | 1 2 3 4 |  4.6
Dodging        | 2 3 4 |  4.7
Spellcasting   | 2 3 4 |  4.0
Conjurations   | 1 2 3 4 |  4.1
Translocations | 4 5 |  5.3
Polearms       | |  1.0
Throwing       | |  1.0
Stealth        | |  1.3
Evocations     | |  2.1

Action                     |  1- 3 |  4- 6 |  7- 9 || total
---------------------------+-------+-------+-------++-------
  Melee: Short sword       |    77 |   143 |    96 ||   316
         Constrict         |    17 |    24 |    20 ||    61
         Tentacles         |    11 |    20 |    26 ||    57
         Punch             |     1 |     2 |     2 ||     5
         Unarmed           |       |    12 |       ||    12
  Throw: Dart              |       |       |     2 ||     2
   Cast: Apportation       |       |       |     1 ||     1
         Iskenderun's Myst |       |       |     2 ||     2
  Evoke: Wand              |       |     2 |     1 ||     3
    Use: Potion            |       |     8 |     8 ||    16
         Scroll            |       |       |     7 ||     7
   Stab: Sleeping          |    15 |     9 |     3 ||    27
 Armour: Skin              |     4 |    38 |     2 ||    44
  Dodge: Dodged            |    46 |   101 |    75 ||   222

Table legend: (Time is in decaauts)
 A = Elapsed time spent in this place.
 B = Non-inter-level travel time spent in this place.
 C = Inter-level travel time spent in this place.
 D = Time resting spent in this place.
 E = Time spent auto-exploring this place.
 F = Levels seen in this place.
 G = Mean time per level.
                   A        B        C        D        E       F      G
               +--------+--------+--------+--------+--------+-----+--------+
         Total |   5865 |   5636 |    229 |   1114 |   3397 |   6 |  977.5 |
       Dungeon |   5865 |   5636 |    229 |   1114 |   3397 |   6 |  977.5 |
               +--------+--------+--------+--------+--------+-----+--------+

Top non-repeatable levels by time:
     D:4: 1280 daAuts
     D:2: 1198 daAuts
     D:3: 1100 daAuts
     D:5: 954 daAuts
     D:1: 816 daAuts
     D:6: 514 daAuts
